 Dungeon Crawl Stone Soup version 0.26.1-11-gd32895ea62 (webtiles) character file.

Game seed: 8149492544429970524

80424 Almogavar the Warrior (level 15, -37/149 HPs)
             Began as a Minotaur Berserker on May 11, 2021.
             Was a High Priest of Trog.
             Killed from afar by a Hell Sentinel (49 damage)
             ... with damnation
             ... on level 2 of the Abyss.
             The game lasted 01:04:40 (27863 turns).

Almogavar the Warrior (Minotaur Berserker)         Turns: 27863, Time: 01:04:42

Health: -37/149    AC: 12    Str: 24    XL:     15   Next: 23%
Magic:  0/5        EV: 17    Int:  4    God:    Trog [*****.]
Gold:   1290       SH:  5    Dex: 12    Spells: 14/14 levels left

rFire    . . .     SeeInvis .   T - +3 long sword (antimagic)
rCold    . . .     Faith    .   z - +0 buckler
rNeg     + . .     Spirit   +   o - +0 scale mail
rPois    .         Reflect  .   (helmet restricted)
rElec    .         Harm     .   J - +0 cloak
rCorr    .         Rampage  .   U - +1 pair of gloves
Will     +....                  L - +0 pair of boots
Stlth    +.........             M - amulet of guardian spirit
HPRegen  0.00/turn              i - ring of stealth
MPRegen  0.09/turn              D - ring of positive energy

@: non-regenerating, diseased
A: retaliatory headbutt, horns 2, [deformed body], [screaming 2], weak 1,
MP-powered wands
a: Renounce Religion, Berserk, Trog's Hand, Brothers in Arms


You were on level 2 of the Abyss.
You worshipped Trog.
Trog was extremely pleased with you.
You visited 3 branches of the dungeon, and saw 18 of its levels.
You visited the Abyss 1 time.
You also visited: Ossuary.

You collected 1940 gold pieces.
You spent 650 gold pieces at shops.

Inventory:

Hand Weapons
 a - a +5 long sword of flaming
 r - a +0 hunting sling
 s - the +3 great sword of Nedur {vorpal, *Contam rElec rPois Str+7}
   (Trog gifted it to you on level 2 of the Orcish Mines)

   It inflicts extra damage upon your enemies.
   It affects your strength (+7).
   It insulates you from electricity.
   It protects you from poison.
   It causes magical contamination when unequipped.
 T - a +3 antimagic long sword (weapon)
Missiles
 l - 412 stones
 t - 88 sling bullets
Armour
 o - a +0 scale mail (worn)
 u - a +1 chain mail of poison resistance
 v - a +0 cloak
 z - a +0 buckler (worn)
 J - a +0 cloak (worn)
 L - a +0 pair of boots (worn)
 U - a +1 pair of gloves (worn)
Jewellery
 d - an uncursed ring of see invisible
 g - an uncursed amulet of the acrobat
 i - a ring of stealth (left hand)
 y - an uncursed ring of willpower
 D - a ring of positive energy (right hand)
 E - an uncursed ring of protection from fire
 M - an amulet of guardian spirit (around neck)
Wands
 p - a wand of polymorph (7)
 w - a wand of iceblast (25)
 B - a wand of acid (3)
 I - a wand of paralysis (3)
 P - a wand of disintegration (12)
 Q - a wand of random effects (13)
 S - a wand of enslavement (10)
Scrolls
 c - 3 scrolls of magic mapping
 e - 6 scrolls of enchant weapon
 j - 7 scrolls of remove curse
 k - 12 scrolls of teleportation
 q - 5 scrolls of enchant armour
 N - 4 scrolls of fog
 R - a scroll of summoning
 W - a scroll of acquirement {unknown}
 X - a scroll of holy word
Potions
 b - 7 potions of berserk rage
 f - 6 potions of curing
 h - 3 potions of haste
 m - 3 potions of heal wounds
 n - 3 potions of flight
 x - 6 potions of magic
 A - 3 potions of mutation {unknown}
 C - a potion of lignification {unknown}
 F - 2 potions of cancellation
 G - 2 potions of attraction {unknown}
 H - 2 potions of might {unknown}
 K - a potion of brilliance {unknown}
 O - a potion of invisibility {unknown}
 V - 2 potions of resistance {unknown}
Miscellaneous
 Y - a condenser vane


   Skills:
 + Level 17.8 Fighting
 - Level 14.0 Long Blades
 + Level 5.9 Slings
 + Level 14.1 Armour
 + Level 12.4 Dodging
 - Level 5.4 Shields
 + Level 3.1 Invocations
 + Level 2.9 Evocations


You had 14 spell levels left.
You didn't know any spells.
Your spell library was empty.

Dungeon Overview and Level Annotations

Branches:
Dungeon (10/15)            Temple (0/1) D:7            Lair (6/6) D:10
  Swamp (0/4) Lair:3       Spider (0/4) Lair:3        Slime (0/5) Lair:6
    Orc (2/2) D:9             Elf (0/3) Orc:2       Ossuary (visited)

Altars:
Cheibriados
Dithmenos
Elyvilon
Makhleb
Nemelex Xobeh
Ru
Sif Muna
Uskayaw
Wu Jian
Xom
Zin
Beogh

Shops:
D:5 ((=   Orc:2 (?:!

Portals:
Abyss: Lair:6
Trove: D:10 (lose all piety)

Annotations:
Lair:1 exclusion: 3 oklob plants
Lair:4 1 runed translucent door, exclusion: oklob plant, Odimp's ghost, journeyman KoWn
Lair:6 1 transporter


Innate Abilities, Weirdness & Mutations

You reflexively headbutt those who attack you in melee.
You have a pair of horns on your head.
You are weak. (Str -2)
You expend magic power (3 MP) to strengthen your wands.
[Armour fits poorly on your strangely shaped body.]
[You sometimes yell uncontrollably at your foes.]


Message History

A starcursed mass splits.
Your troll bites the starcursed mass.
The starcursed mass shudders and is absorbed by its neighbour.
A Hell Sentinel comes into view.
Your troll bites the large abomination but does no damage.
Your troll completely misses the large abomination.
Your troll claws the large abomination!
A neqoxec comes into view.
You yell at the neqoxec!
The neqoxec shouts!
The Hell Sentinel roars!
You hear a loud, deep croak!
You hear a roar!
You hear a horrible gurgling sound!
You hear a bellow!
The large abomination hits your troll!! A chorus of shrieks assaults your mind.
* * * LOW HITPOINT WARNING * * *
Your troll bites the large abomination!
The large abomination is destroyed!
Trog accepts your kill. The Hell Sentinel gestures at you.
The sphere of damnation explodes!
The damnation engulfs you!!!
You die...

# ..x.# ..#.#
.. ###XX#.X.##
* . #.X##.
.X*# #.
#.#....###.. .
##T##.#.#
.#....
######.D#[
...# ..## #.
...#.#.##.#.
.#. ##.
#...#.#.#..##.
.# ##
#..@#.### #...
#.##.### ..≈
....# ......
#.......
....1...
..........


You could see 3 starcursed masses, a Hell Sentinel and a friendly troll
(summoned, berserk, sick).

Vanquished Creatures
  The ghost of Voldus the Brawler, a journeyman TrMo of Trog (Lair:6)
  The ghost of keat06 the Warrior, a journeyman MiFi of Okawaru (Lair:1)
  Azrael (Orc:2)
  3 dire elephants (Lair:6)
  5 hydras
  17 two-headed ogres
  An anaconda (Lair:6)
  A hell hog (Lair:6)
  4 ogre magi (Orc:2)
  Urug (D:9)
  An orb spider (Lair:3)
  2 orc knights
  2 cyclopes
  2 ugly things (Lair:6)
  An orc sorcerer (Orc:1)
  Maurice (Orc:2)
  12 elephants
  An apocalypse crab (Abyss:2)
  4 black mambas
  9 cane toads
  A centaur skeleton (D:10)
  5 rime drakes
  10 komodo dragons
  An ice devil (Lair:6)
  2 trolls
  A polar bear (Lair:2)
  Prince Ribbit (D:6)
  3 slime creatures (Lair:6)
  25 blink frogs
  Sigmund (D:4)
  4 starcursed masses (Abyss:2)
  A small abomination (Abyss:2)
  4 wyverns
  A basilisk (Lair:5)
  32 yaks
  A steam dragon (D:8)
  3 fire elementals (Orc:2)
  A neqoxec (Abyss:2)
  2 wargs (Orc:1)
  A swamp worm (Lair:3)
  3 hell hounds
  11 water moccasins
  10 orc warriors
  7 ice beasts
  2 sky beasts
  29 ogres
  4 phantoms
  A black bear (D:6)
  26 wolves
  A centaur (D:5)
  2 big kobolds
  16 bullfrogs
  A wyvern skeleton (D:6)
  2 scorpions
  6 killer bees (D:8)
  7 wights
  5 electric eels
  5 howler monkeys
  2 bullfrog zombies (D:6)
  4 jellies
  A gnoll shaman (D:5)
  6 hounds
  14 orc priests
  A quasit (D:5)
  A bullfrog skeleton (D:9)
  3 iguanas
  6 hell rats (Lair:5)
  14 orc wizards
  8 worker ants
  A hound zombie (D:8)
  2 hound skeletons
  8 mummies (Ossuary)
  A worker ant zombie (D:5)
  7 adders
  12 gnolls
  3 shadow imps
  5 white imps
  4 ufetubi
  An ooze (D:1)
  2 adder skeletons
  3 dart slugs
  2 worms
  8 leopard geckos
  54 orcs
  8 bats
  3 giant cockroaches
  A gnoll zombie (Ossuary)
  5 goblins
  6 hobgoblins
  2 jackals (D:10)
  18 kobolds
  3 quokkas
  A ball python (D:3)
  2 frilled lizards
  3 hobgoblin zombies (Ossuary)
  2 kobold zombies (Ossuary)
  2 orc zombies (Ossuary)
  A quokka skeleton (D:5)
  11 rats
549 creatures vanquished.

Vanquished Creatures (collateral kills)
  A large abomination (Abyss:2)
  An orc knight (Orc:2)
  A vampire (D:10)
  A fire elemental (Orc:2)
  3 orc warriors (Orc:2)
  2 ogres
  An orc priest (Orc:2)
  An orc wizard (Orc:2)
  An orc (Orc:2)
12 creatures vanquished.

Vanquished Creatures (others)
  A golden eye (Abyss:2)
  An orc wizard (Orc:2)
  23 fungi
  32 plants
57 creatures vanquished.

Grand Total: 618 creatures vanquished

Notes
Turn   | Place    | Note
-------+----------+-------------------------------------------
     0 | D:1      | Almogavar the Minotaur Berserker began the quest for the
                  | Orb.
     0 | D:1      | Reached XP level 1. HP: 19/19 MP: 0/0
    25 | D:1      | You fall into a shaft and drop 1 floor!
   195 | D:1      | Reached XP level 2. HP: 27/27 MP: 1/1
   199 | D:1      | Reached skill level 4 in Fighting
   691 | D:1      | Reached XP level 3. HP: 34/34 MP: 2/2
   825 | D:1      | Reached ** piety under Trog
  1155 | D:2      | Found a hide-covered altar of Uskayaw.
  1155 | D:2      | Found a shimmering blue altar of Sif Muna.
  1751 | D:3      | Noticed a bullfrog
  1755 | D:3      | Killed a bullfrog
  1756 | D:3      | Reached skill level 5 in Long Blades
  1756 | D:3      | Reached XP level 4. HP: 25/41 MP: 3/3
  2136 | D:3      | Reached XP level 5. HP: 47/47 MP: 4/4
  2206 | D:3      | Reached skill level 5 in Fighting
  2439 | D:3      | Reached *** piety under Trog
  2830 | D:4      | Noticed an ice beast
  2841 | D:4      | Killed an ice beast
  2842 | D:4      | Reached XP level 6. HP: 56/56 MP: 5/5
  3138 | D:4      | Noticed Sigmund
  3149 | D:4      | Killed Sigmund
  3249 | D:4      | Reached XP level 7. HP: 62/62 MP: 6/6
  3796 | D:5      | Entered Level 5 of the Dungeon
  3850 | D:5      | Reached skill level 6 in Fighting
  4264 | D:5      | Reached XP level 8. HP: 56/71 MP: 7/7
  4273 | D:5      | Found Guarosus's Jewellery Shop.
  4667 | D:5      | Found Nixtu's Weapon Shop.
  4812 | D:5      | Found Vauteceed's Antique Weapon Emporium.
  4921 | D:5      | Found a white marble altar of Elyvilon.
  4979 | D:5      | Reached skill level 7 in Fighting
  5068 | D:6      | Reached skill level 5 in Dodging
  5134 | D:6      | Reached skill level 5 in Armour
  5201 | D:6      | Reached skill level 10 in Long Blades
  5294 | D:6      | Found a sparkling altar of Nemelex Xobeh.
  5336 | D:6      | Found a sacrificial altar of Ru.
  5425 | D:6      | Noticed Prince Ribbit
  5680 | D:6      | Reached XP level 9. HP: 79/79 MP: 8/8
  5685 | D:6      | Reached **** piety under Trog
  5930 | D:6      | Killed Prince Ribbit
  6032 | D:6      | Found a glowing silver altar of Zin.
  6235 | D:7      | Found a staircase to the Ecumenical Temple.
  6257 | D:7      | Reached skill level 8 in Fighting
  7476 | D:8      | Identified the +1 robe of Theory {Str+3}
  7835 | D:8      | Found a sand-covered staircase.
  7843 | Ossuary  | Entered an ossuary
  7871 | Ossuary  | Reached skill level 9 in Fighting
  8369 | D:8      | Found an ornate altar of the Wu Jian Council.
  8588 | D:8      | Reached ***** piety under Trog
  8852 | D:9      | Reached XP level 10. HP: 88/91 MP: 7/9
  9323 | D:9      | Found a staircase to the Orcish Mines.
 10239 | D:10     | Entered Level 10 of the Dungeon
 10293 | D:10     | Found a shadowy altar of Dithmenos.
 10507 | D:10     | Reached skill level 10 in Fighting
 10882 | D:10     | Found a staircase to the Lair.
 10992 | D:10     | Found a burning altar of Makhleb.
 11163 | D:10     | Noticed a cyclops
 11175 | D:10     | Killed a cyclops
 11309 | D:10     | Found a portal to a secret trove of treasure.
 11610 | Orc:1    | Entered Level 1 of the Orcish Mines
 11610 | Orc:1    | Noticed Urug
 11610 | Orc:1    | Noticed a cyclops
 11625 | D:9      | Killed Urug
 11626 | D:9      | Reached XP level 11. HP: 70/101 MP: 5/10
 12075 | Orc:2    | Entered Level 2 of the Orcish Mines
 12077 | Orc:2    | Noticed a two-headed ogre
 12091 | Orc:1    | Killed a two-headed ogre
 12092 | Orc:1    | Reached skill level 11 in Fighting
 12092 | Orc:1    | Reached skill level 1 in Shields
 12217 | Orc:2    | Noticed a two-headed ogre
 12217 | Orc:2    | Noticed a two-headed ogre
 12241 | Orc:2    | Killed a two-headed ogre
 12242 | Orc:2    | Killed a two-headed ogre
 12273 | Orc:2    | Received a gift from Trog
 12274 | Orc:2    | Noticed a two-headed ogre
 12278 | Orc:2    | Noticed a two-headed ogre
 12280 | Orc:2    | Noticed an ogre mage
 12289 | Orc:1    | Killed a two-headed ogre
 12596 | Orc:1    | Killed a two-headed ogre
 12673 | Orc:2    | Killed an ogre mage
 12676 | Orc:2    | Noticed a two-headed ogre
 12678 | Orc:2    | Noticed an ogre mage
 12689 | Orc:2    | Noticed a two-headed ogre
 13042 | Orc:1    | Killed a two-headed ogre
 13043 | Orc:1    | Reached skill level 12 in Fighting
 13158 | Orc:2    | Killed a two-headed ogre
 13159 | Orc:2    | Reached skill level 5 in Shields
 13274 | Orc:2    | Noticed a two-headed ogre
 13490 | Orc:1    | Killed a two-headed ogre
 13666 | Orc:2    | Killed an ogre mage
 13667 | Orc:2    | Reached XP level 12. HP: 102/113 MP: 9/11
 13702 | Orc:2    | Noticed a two-headed ogre
 13714 | Orc:2    | Noticed an ogre mage
 13715 | Orc:2    | Killed a two-headed ogre
 13977 | Orc:2    | Killed an ogre mage
 14060 | Orc:2    | Noticed a two-headed ogre
 14074 | Orc:2    | Killed a two-headed ogre
 14075 | Orc:2    | Reached skill level 10 in Dodging
 14442 | Orc:2    | Found Ziucotie's Book Emporium.
 14442 | Orc:2    | Found Cuyt's Magic Scroll Boutique.
 14443 | Orc:2    | Found Seuvarah's Distillery.
 14443 | Orc:2    | Found Kewn's Weapon Emporium.
 14461 | Orc:2    | Reached skill level 13 in Fighting
 14478 | Orc:2    | Noticed an ogre mage
 14925 | Orc:2    | Killed an ogre mage
 14926 | Orc:2    | Reached skill level 1 in Evocations
 14982 | Orc:2    | Noticed a two-headed ogre
 14982 | Orc:2    | Noticed a two-headed ogre
 14982 | Orc:2    | Noticed a two-headed ogre
 15018 | Orc:2    | Killed a two-headed ogre
 15062 | Orc:2    | Killed a two-headed ogre
 15122 | Orc:2    | Bought a potion of experience for 650 gold pieces
 15122 | Orc:2    | Reached skill level 10 in Armour
 15122 | Orc:2    | Reached XP level 13. HP: 123/123 MP: 11/14
 15528 | Orc:2    | Found a roughly hewn altar of Beogh.
 15582 | Orc:2    | Found Sushru Pemiss's Antique Weapon Shoppe.
 15582 | Orc:2    | Noticed Azrael
 15592 | Orc:1    | Reached skill level 14 in Fighting
 15816 | Orc:1    | You fall into a shaft and drop 1 floor!
 15969 | Orc:2    | Noticed Maurice
 15982 | Orc:2    | Killed Maurice
 16345 | Orc:2    | Killed Azrael
 16542 | Orc:2    | Received a gift from Trog
 16628 | Orc:2    | Got an ancient great sword {god gift}
 16661 | Orc:2    | Found a staircase to the Elven Halls.
 17305 | D:10     | Identified the +3 great sword of Nedur {vorpal, *Contam
                  | rElec rPois Str+7} (Trog gifted it to you on level 2 of the
                  | Orcish Mines)
 17308 | Lair:1   | Entered Level 1 of the Lair of Beasts
 17324 | Lair:1   | Reached skill level 15 in Fighting
 17407 | Lair:1   | Reached XP level 14. HP: 78/135 MP: 10/15
 18296 | Lair:1   | Found a transporter.
 18347 | Lair:1   | Found a transporter.
 18347 | Lair:1   | Noticed keat06's ghost (journeyman MiFi)
 18750 | Lair:1   | Gained mutation: You expend magic power (3 MP) to
                  | strengthen your wands. [mutagenic glow]
 18986 | Lair:1   | Killed keat06's ghost
 19878 | Lair:3   | Found a staircase to the Swamp.
 19962 | Lair:3   | Reached skill level 16 in Fighting
 20429 | Lair:3   | Gained mutation: You are weak. (Str -2) [mutagenic glow]
 20693 | Lair:3   | Found a hole to the Spider Nest.
 21779 | Lair:4   | Found a runed translucent door.
 21781 | Lair:4   | Found a shimmering altar of Xom.
 21781 | Lair:4   | Noticed Odimp's ghost (journeyman KoWn)
 21781 | Lair:4   | Identified the cursed +3 dire flail "Curecw" {chaos, rPois
                  | Will- Str+4}
 23037 | Lair:4   | Found a snail-covered altar of Cheibriados.
 24334 | Lair:5   | Received a gift from Trog
 24768 | Lair:5   | Reached skill level 5 in Slings
 25376 | Lair:5   | Reached skill level 17 in Fighting
 25759 | Lair:6   | Entered Level 6 of the Lair of Beasts
 25764 | Lair:6   | Found a transporter.
 25765 | Lair:6   | Found a transporter.
 25769 | Lair:6   | Identified the +11 trident "Ogrebane" {distort, MP+9 Str+5}
 25986 | Lair:6   | Found a staircase to the Slime Pits.
 26424 | Lair:6   | Found a one-way gate to the infinite horrors of the Abyss.
 26425 | Lair:6   | Noticed Voldus's ghost (journeyman TrMo)
 26557 | Lair:6   | Reached XP level 15. HP: 137/147 MP: 16/16
 27258 | Lair:6   | Received a gift from Trog
 27451 | Lair:6   | Killed Voldus's ghost
 27487 | Lair:6   | Cast into level 2 of the Abyss (spriggan rider)
 27848 | Abyss:2  | Noticed a bone dragon
 27862 | Abyss:2  | Noticed a Hell Sentinel
 27863 | Abyss:2  | Killed from afar by a Hell Sentinel

Illustrated notes

Levels and vault maps discovered:
D:1:      lightli_arrival_statuegarden, layout_loops_ring
D:2:      layout_loops_ring, gammafunk_temple_overflow_statue
D:3:      layout_basic
D:4:      layout_basic, minmay_cupped, uniq_sigmund
D:5:      layout_rooms, serial_shops, kennysheep_mini, shop,
          nicolae_shop_behind_doors, elyvilon_altar_1
D:6:      layout_gridville, lemuel_round_altar, zin_treasury, basic_altar,
          uniq_prince_ribbit1
D:7:      layout_basic, minmay_temple_entry_mist, grunt_decor_resistance
D:8:      layout_basic, old_standard_altar, nicolae_ossuary_entry_plus
D:9:      layout_cross
D:10:     layout_basic, lair_entry_dummy, nicolae_trove_entry_crossroad,
          basic_altar, bloody_makhleb
Lair:1:   layout_regular_city, gammafunk_ghost_arena, infiniplex_staircase_pool,
          minmay_lair_oklob_chamber, serial_bayou_shore_a
Lair:2:   layout_long_grid
Lair:3:   layout_regular_city, minmay_swamp_entry_worms,
          nicolae_spider_entry_orb_guardian, serial_bayou_lake_a
Lair:4:   layout_regular_city, ebering_ghost_xom, lemuel_oklob_altar
Lair:5:   layout_long_grid, grunt_forest_large_clearings, grunt_megastairs_4
Lair:6:   due_jungle_book, layout_regular_city, minmay_slime_entry_pillars,
          gammafunk_ghost_abyssal_escape
Orc:1:    layout_caves, uniq_urug
Orc:2:    st_orc_ogre_mass, layout_caves, serial_shops, shop, basic_altar,
          uniq_maurice, uniq_azrael
Abyss:2:  base: Lair:2, hangedman_summoners_spam

Skill      XL: |  1  2  3  4  5  6  7  8  9 10 11 12 13 14 15 |
---------------+----------------------------------------------+-----
Fighting       | 4 5 6 7 9 10 12 13 15 17 | 17.8
Long Blades    | 4 5 6 7 8 10 12 13 14 | 14.0
Armour         | 3 4 5 6 7 8 10 11 13 14 | 14.1
Dodging        | 3 4 5 6 8 9 10 11 12 | 12.4
Shields        | 5 |  5.4
Evocations     | 2 |  2.9
Slings         | 3 4 5 |  5.9
Invocations    | 3 |  3.1

Action                   |  1- 3 |  4- 6 |  7- 9 | 10-12 | 13-15 || total
-------------------------+-------+-------+-------+-------+-------++-------
Melee: Falchion          |    52 |    62 |   399 |   243 |       ||   756
       Headbutt          |     8 |    10 |    90 |   115 |   230 ||   453
       Long sword        |       |       |       |   129 |   701 ||   830
       Great sword       |       |       |       |       |    73 ||    73
 Fire: Hunting sling     |       |       |       |       |    41 ||    41
Invok: Berserk           |       |     4 |     4 |    12 |     7 ||    27
       Trog's Hand       |       |     1 |     1 |     1 |    10 ||    13
       Brothers in Arms  |       |       |       |     1 |     4 ||     5
Evoke: Wand              |       |       |       |     2 |       ||     2
  Use: Scroll            |     1 |     7 |     7 |     3 |     9 ||    27
       Potion            |       |       |       |     1 |     2 ||     3
 Stab: Sleeping          |     2 |     4 |     3 |     4 |       ||    13
       Distracted        |     1 |       |       |       |       ||     1
Armor: Leather armour    |     9 |     8 |    52 |    40 |       ||   109
       Ring mail         |       |       |       |    20 |       ||    20
       Scale mail        |       |       |       |       |   185 ||   185
Dodge: Dodged            |    41 |    30 |   268 |   229 |   448 ||  1016
Block: Buckler           |       |       |       |     9 |    54 ||    63
       Rpst.: Falchion   |    11 |    11 |    64 |    20 |       ||   106
       Long sword        |       |       |       |    20 |   119 ||   139
       Great sword       |       |       |       |       |    14 ||    14
